 Dungeon Crawl Stone Soup version 0.26.1-11-gd32895ea62 (webtiles) character file.

Game seed: 4122594317268011731

168 MenacingMecha the Chiller (level 5, -2/35 HPs)
             Began as a Merfolk Ice Elementalist on June 26, 2021.
             Slain by a gnoll
             ... wielding a +0 halberd
              (4 damage)
             ... on level 3 of the Dungeon.
             The game lasted 00:09:59 (3166 turns).

MenacingMecha the Chiller (MfIE)                    Turns: 3166, Time: 00:10:00

Health: -2/35      AC:  8    Str:  8    XL:     5   Next: 48%
Magic:  0/8        EV: 13    Int: 15    God:
Gold:   144        SH:  0    Dex: 15    Spells: 1/8 levels left

rFire    . . .     SeeInvis .   l - +0 glaive
rCold    . . .     Faith    .   (shield currently unavailable)
rNeg     + . .     Spirit   .   a - +0 robe
rPois    .         Reflect  .   (no helmet)
rElec    .         Harm     .   (no cloak)
rCorr    .         Rampage  .   (no gloves)
Will     .....                  (no boots)
Stlth    ++........             c - amulet of the acrobat
HPRegen  0.11/turn              o - ring of positive energy
MPRegen  0.11/turn              (no ring)

@: icy armour, frozen ramparts
A: change form in water, swift swim, stealthy swim
a: no special abilities


You were on level 3 of the Dungeon.
You visited 1 branch of the dungeon, and saw 3 of its levels.

You collected 144 gold pieces.

Inventory:

Hand Weapons
 j - a +0 spear
 l - a +0 glaive (weapon)
Missiles
 g - 64 stones (quivered)
Armour
 a - a +0 robe (worn)
 q - a +0 buckler
Jewellery
 c - an amulet of the acrobat (around neck)
 o - a ring of positive energy (left hand)
Wands
 s - a wand of digging (5)
Scrolls
 d - 3 scrolls of remove curse {unknown}
 e - 2 scrolls of immolation {unknown}
 f - 3 scrolls of teleportation {unknown}
 h - 4 scrolls of noise {unknown}
 i - 6 scrolls of identify
 k - a scroll of enchant armour {unknown}
 m - a scroll of fear {unknown}
Potions
 b - a potion of heal wounds {unknown}
 n - a potion of flight {unknown}
 p - a potion of curing {unknown}
 r - a potion of mutation {unknown}


   Skills:
 + Level 3.9 Polearms
 - Level 3.0 Dodging
 - Level 2.1 Stealth
 - Level 2.4 Spellcasting
 + Level 6.1 Ice Magic


You had one spell level left.
You knew the following spells:

 Your Spells              Type           Power        Failure   Level
a - Freeze                Ice            80%          1%          1
b - Frozen Ramparts       Ice            40%          5%          3
c - Ozocubu's Armour      Ice            20%          5%          3

Your spell library contained the following spells:

 Spells                   Type           Power        Failure   Level
 Hailstorm                Conj/Ice       11%          52%         4
 Summon Ice Beast         Ice/Summ       11%          52%         4


Dungeon Overview and Level Annotations

Branches:
Dungeon (3/15)

Altars:
Dithmenos

Annotations:
D:2 exclusion: 2 upstairs, Sigmund


Message History

You reach to attack!
You barely miss the gnoll.
The wall freezes the gnoll.
The gnoll barely misses you.
You reach to attack!
You closely miss the gnoll.
The gnoll is lightly wounded.
The frozen ramparts melt away.
The gnoll hits you from afar with a +0 halberd!
The gnoll hits you from afar with a +0 spear.
* * * LOW HITPOINT WARNING * * *
The gnoll closely misses you. The gnoll misses you.
Casting: Frozen Ramparts (dangerous; 5% risk of failure)
Confirm with . or Enter, or press ? or * to list all spells.
Casting: Frozen Ramparts (dangerous; 5% risk of failure)
Press: ? - help, Dir - look around, f - activate The walls around you are covered in ice.
The wall freezes the gnoll.
The gnoll hits you from afar with a +0 spear!
* * * LOW HITPOINT WARNING * * *
The wall freezes the gnoll.
The gnoll hits you from afar with a +0 halberd.
You die...

#.............#
#..>............
####....#..##.###
#####....#.## ...
..^........# ####
.#######.#.####..
#......#.#
###.##.#.###
#.##...@.#
#.##.###.# #....#


gg. ####.# .### ########.## #... .# ........... ....### ........### ###.#
...####.# .# ..†# # .# You could see 2 gnolls.

Vanquished Creatures
  Natasha (D:3)
  5 gnolls (D:3)
  4 adders
  3 worms
  4 leopard geckos
  4 bats
  4 giant cockroaches
  3 goblins
  3 hobgoblins
  4 jackals (D:3)
  6 kobolds
  A quokka (D:2)
  2 frilled lizards
  5 rats
49 creatures vanquished.

Vanquished Creatures (others)
  6 plants (D:2)
6 creatures vanquished.

Grand Total: 55 creatures vanquished

Notes
Turn   | Place    | Note
-------+----------+-------------------------------------------
     0 | D:1      | MenacingMecha the Merfolk Ice Elementalist began the quest
                  | for the Orb.
     0 | D:1      | Reached XP level 1. HP: 13/13 MP: 3/3
   298 | D:1      | Reached XP level 2. HP: 19/19 MP: 5/5
   940 | D:2      | Noticed Sigmund
   961 | D:2      | Found a shadowy altar of Dithmenos.
  1029 | D:2      | Reached skill level 5 in Ice Magic
  1368 | D:2      | Reached XP level 3. HP: 18/24 MP: 4/6
  1442 | D:2      | Learned a level 3 spell: Frozen Ramparts
  1474 | D:2      | Reached skill level 1 in Polearms
  2061 | D:3      | Reached XP level 4. HP: 30/30 MP: 7/7
  2065 | D:3      | Learned a level 3 spell: Ozocubu's Armour
  2927 | D:3      | Reached XP level 5. HP: 24/35 MP: 2/8
  3062 | D:3      | Noticed Natasha
  3069 | D:3      | Killed Natasha
  3070 | D:3      | Reached skill level 6 in Ice Magic
  3166 | D:3      | Slain by a gnoll

Illustrated notes

Levels and vault maps discovered:
D:1:      roderic_octagonal_star, layout_rooms
D:2:      layout_basic, nicolae_dithmenos_through_a_glass_darkly,
          serial_bayou_pond_c, uniq_sigmund
D:3:      layout_loops_ring, chequers_temple_overflow_minitemple, uniq_natasha

Skill      XL: |  1  2  3  4  5 |
---------------+----------------+-----
Dodging        | 3 |  3.0
Ice Magic      | 5 6 |  6.1
Polearms       | 1 3 |  3.9
Stealth        | |  2.1
Spellcasting   | |  2.4

Action                   |  1- 3 |  4- 6 || total
-------------------------+-------+-------++-------
Melee: Unarmed           |    23 |       ||    23
       Short sword       |    15 |       ||    15
       Spear             |    57 |       ||    57
       Glaive            |    11 |    55 ||    66
 Cast: Freeze            |    17 |     6 ||    23
       Frozen Ramparts   |     1 |     4 ||     5
       Ozocubu's Armour  |       |     3 ||     3
  Use: Scroll            |       |     2 ||     2
 Stab: Sleeping          |     6 |     3 ||     9
Armor: Robe              |    27 |     4 ||    31
Dodge: Dodged            |    79 |    50 ||   129
